 Dungeon Crawl Stone Soup version 0.31-a0-1111-ga3525b893c (webtiles) character file.

Game seed: 16982593704559640142

7 inmateoo the Trooper (level 1, 0/18 HPs)
             Began as a Demonspawn Monk on Dec 3, 2023.
             Slain by a gnoll
             ... wielding a +0 spear
              (1 damage)
             ... on level 1 of the Dungeon.
             The game lasted 00:00:22 (187 turns).

inmateoo the Trooper (Demonspawn Monk)               Turns: 187, Time: 00:00:23

Health: 0/18       AC:  3    Str: 11    XL:     1   Next: 83%
Magic:  1/1        EV: 12    Int: 10    God:
Gold:   10         SH:  0    Dex: 15    Spells: 0/0 levels left

rFire   . .          .
                       - Unarmed
rCold   . . .        (no shield)
rNeg    . . .        e - +0 leather armour
rPois   .            (no helmet)
rElec   .            (no cloak)
rCorr   .            (no gloves)
SInv    .            (no boots)
Will    .....        (no amulet)
Stlth   +            (no ring)
HPRegen 0.23/turn    (no ring)
MPRegen 0.07/turn

%: no passive effects
@: no status effects
A: no striking features
a: no special abilities


You were on level 1 of the Dungeon.
You visited 1 branch of the dungeon, and saw 1 of its levels.

You collected 10 gold pieces.

Inventory:

Armour
 c - an orb of light
 e - a +0 leather armour (worn)
Scrolls
 a - a scroll of immolation {unknown}
 d - a scroll of brand weapon {unknown}
Potions
 b - a potion of ambrosia
 f - a potion of haste {unknown}


   Skills:
 + Level 3.1 Fighting
 + Level 0.3 Armour
 + Level 2.8 Dodging
 * Level 2.9 Unarmed Combat


You couldn't memorise any spells.
You didn't know any spells.
Your spell library was empty.

Dungeon Overview and Level Annotations

Branches:
Dungeon (1/15)

Altars:


Message History

There is an open door here.
A quokka comes into view.
The quokka moves out of view.
A quokka is nearby!
The quokka barely misses you.
A quokka is nearby!
You closely miss the quokka. The quokka barely misses you.
You hit the quokka.
The quokka is heavily wounded.
The quokka barely misses you.
You hit the quokka.
The quokka is almost dead.
The quokka barely misses you. The quokka closely misses you.
You closely miss the quokka.
The quokka is almost dead.
The quokka bites you but does no damage.
You hit the quokka.
You kill the quokka!
A gnoll comes into view. It is wielding a +0 spear.
A gnoll is nearby!
Found 10 gold pieces.
The gnoll barely misses you.
A gnoll is nearby!
The gnoll closely misses you.
You completely miss the gnoll. The gnoll hits you with a +0 spear.
You closely miss the gnoll. The gnoll hits you with a +0 spear!
You hit the gnoll but do no damage. The gnoll closely misses you.
You hit the gnoll.
The gnoll is heavily wounded.
The gnoll misses you.
You hit the gnoll.
The gnoll is heavily wounded.
The gnoll hits you with a +0 spear!
Ouch! That really hurt!
* * * LOW HITPOINT WARNING * * *
You are too injured to fight recklessly!
Okay, then.
You hit the gnoll but do no damage.
The gnoll is heavily wounded.
The gnoll hits you with a +0 spear.
You die...

♣♣~~~~~≈♣. ........
♣≈~~~~~≈♣. ......###
♣♣~~~~~♣♣. #.......
~♣♣≈≈♣~~. #......
.~♣♣♣♣♣~.. ###.....
..... ##.( ......#
..... ##.
#g..####.... #.
#.@.#....#########.
#................#.
#.###...........†##
...#..#.#...........
....#..#.#.#######...
......#....#.# #...
......##.###.# #...
...$..
#.....#######...
####........'...


You could see a gnoll.

Vanquished Creatures
  An endoplasm (D:1)
  A hobgoblin (D:1)
  A quokka (D:1)
  A ball python (D:1)
  A bat (D:1)
  2 frilled lizards (D:1)
7 creatures vanquished.

Notes
Turn   | Place    | Note
-------+----------+-------------------------------------------
     0 | D:1      | inmateoo the Demonspawn Monk began the quest for the Orb.
     0 | D:1      | Reached XP level 1. HP: 18/18 MP: 1/1
   187 | D:1      | Slain by a gnoll

Illustrated notes

Levels and vault maps discovered:
D:1:      reono_arrival_forest_river, layout_basic

Action                     || total
---------------------------++-------
  Melee: Unarmed           ||    26
 Armour: Robe              ||     6
         Leather armour    ||     5
  Dodge: Dodged            ||    18

Table legend: (Time is in decaauts)
 A = Elapsed time spent in this place.
 B = Non-inter-level travel time spent in this place.
 C = Inter-level travel time spent in this place.
 D = Time resting spent in this place.
 E = Time spent auto-exploring this place.
 F = Levels seen in this place.
 G = Mean time per level.
                   A        B        C        D        E       F      G
               +--------+--------+--------+--------+--------+-----+--------+
         Total |    189 |    189 |      0 |     15 |     96 |   1 |  189.0 |
       Dungeon |    189 |    189 |      0 |     15 |     96 |   1 |  189.0 |
               +--------+--------+--------+--------+--------+-----+--------+

Top non-repeatable levels by time:
     D:1: 189 daAuts
